 Dungeon Crawl Stone Soup version 0.15.0-22-g71df38d (console) character file.

30 gw the Bolt Thrower (level 3, -6/21 HPs)
             Began as a Kobold Hunter on Sept 8, 2014.
             Mangled by Crazy Yiuf
             ... wielding a +2 quarterstaff of chaos
              (7 damage)
             ... on Level 2 of the Dungeon.
             The game lasted 00:00:45 (1858 turns).

gw the Bolt Thrower (Kobold Hunter)                 Turns: 1858, Time: 00:00:45

HP  -6/21        AC  8     Str 10      XL: 3   Next: 37%
MP   0/3         EV 11     Int  9      God:
Gold 0           SH  0     Dex 17      Spells:  0 memorised,  2 levels left

rFire  . . .     SeeInvis .     a - +0 short sword
rCold  . . .     Clarity  .     k - +0 ring mail
rNeg   . . .     rCorr    .     (no shield)
rPois  .         rRot     .     (no helmet)
rElec  .         Spirit   .     e - +1 cloak {MR+}
SustAb .         Warding  .     g - +0 pair of gloves
rMut   .         Stasis   .     (no boots)
Gourm  .                        (no amulet)
MR     +....                    (no ring)
                                (no ring)

@: somewhat resistant to hostile enchantments, very unstealthy
A: carnivore 3
a: no special abilities


You were on level 2 of the Dungeon.
You were near starving.

You visited 1 branch of the dungeon, and saw 2 of its levels.

Inventory:

Hand weapons
 a - a +0 short sword (weapon)
 b - a +1 hand crossbow
Missiles
 c - 35 bolts
Armour
 e - a +1 cloak of magic resistance (worn)
 g - a +0 pair of gloves (worn)
 k - a +0 ring mail (worn)
Comestibles
 d - 2 beef jerkies
 f - a meat ration
Scrolls
 h - a scroll of noise {unknown}
Potions
 i - a potion of agility {unknown}


   Skills:
 + Level 1.9 Fighting
 + Level 1.8 Short Blades
 * Level 5.1 Crossbows
 + Level 2.8 Dodging
 - Level 1.3 Stealth


You had 2 spell levels left.
You didn't know any spells.

Dungeon Overview and Level Annotations

Branches:
Dungeon (2/15)

Altars:
Vehumet

Annotations:
D:2 Crazy Yiuf


Innate Abilities, Weirdness & Mutations

You are small and have problems with some larger weapons.
You are carnivorous and can eat meat at any time.


Message History

You closely miss Crazy Yiuf.
Crazy Yiuf zaps a wand.
The magic dart hits you!
ATTACK MOVE TO (-1,-1)
You hit Crazy Yiuf.
Crazy Yiuf is lightly wounded.
Crazy Yiuf hits you with a quarterstaff of chaos!
You feel your power leaking away.
ATTACK MOVE TO (-1,-1)
You closely miss Crazy Yiuf.
Crazy Yiuf is lightly wounded.
Crazy Yiuf zaps a wand.
The magic dart hits you!
ATTACK MOVE TO (-1,-1)
You hit Crazy Yiuf.
Crazy Yiuf is moderately wounded.
Crazy Yiuf says, "Crazy?
Crazy!?
PORCUPINE!"
Crazy Yiuf barely misses you.
ATTACK MOVE TO (-1,-1)
You barely miss Crazy Yiuf.
Crazy Yiuf is moderately wounded.
Crazy Yiuf hits you with a quarterstaff of chaos!
You die...

#......##...##
#######.##.## #....#
#.#### #.# #######.#
#### ###.#.#...#
#..g##..#......#
#...K.####).........#
#)..### ##....#.##.
#### ####...# #.....
#..### #.## .


You could see Crazy Yiuf.

Table legend:
 A = Turns spent in this place as a percentage of turns spent in the entire game.
 B = Non-inter-level travel turns spent in this place as a percentage of non-inter-level travel turns spent in the entire game.
 C = Inter-level travel turns spent in this place as a percentage of turns spent in this place.
 D = Turns resting spent in this place as a percentage of non-inter-level travel turns spent in this place.
 E = Turns spent auto-exploring this place as a percentage of non-inter-level travel turns spent in this place.
 F = Non-inter-level travel turns spent in this place divided by the number of levels of this place that you've seen.
                   A       B       C       D       E      F
               +-------+-------+-------+-------+-------+----------------------
         Total | 100.0 | 100.0 |   0.5 |   6.0 |  19.2 | 184.5
       Dungeon | 100.0 | 100.0 |   0.5 |   6.0 |  19.2 | 184.5
               +-------+-------+-------+-------+-------+----------------------

Table legend:
 A = Kills in this place as a percentage of kills in entire the game.
 B = Kills by you in this place as a percentage of kills by you in the entire game.
 C = Kills by friends in this place as a percentage of kills by friends in the entire game.
 D = Other kills in this place as a percentage of other kills in the entire game.
 E = Experience gained in this place as a percentage of experience gained in the entire game.
 F = Experience gained in this place divided by the number of levels of this place that you have seen.
                   A       B       C       D       E      F
               +-------+-------+-------+-------+-------+----------------------
         Total | 100.0 | 100.0 |  -nan |  -nan | 100.0 |  22.0
       Dungeon | 100.0 | 100.0 |  -nan |  -nan | 100.0 |  22.0
               +-------+-------+-------+-------+-------+----------------------

Vanquished Creatures
  A giant cockroach (D:2)
  5 goblins (D:1)
  6 hobgoblins
  A kobold (D:2)
  6 bats (D:1)
  3 giant newts
  7 rats (D:1)
29 creatures vanquished.

Notes
Turn   | Place    | Note
--------------------------------------------------------------
     0 | D:1      | gw, the Kobold Hunter, began the quest for the Orb.
     0 | D:1      | Reached XP level 1. HP: 12/12 MP: 1/1
   108 | D:1      | Reached XP level 2. HP: 9/17 MP: 2/2
   112 | D:1      | Reached skill level 5 in Crossbows
   560 | D:1      | Reached skill level 1 in Short Blades
  1175 | D:1      | Reached XP level 3. HP: 21/21 MP: 3/3
  1681 | D:2      | Found a radiant altar of Vehumet.
  1849 | D:2      | Noticed Crazy Yiuf
  1856 | D:2      | HP: 1/21 [Crazy Yiuf/wand of magic darts (4)]
  1858 | D:2      | Mangled by Crazy Yiuf

Action                   || total
-------------------------++-------
Melee: Short sword       ||    52
 Fire: Hand crossbow     ||    22
  Use: Scroll            ||     4
       Potion            ||     1
 Stab: Sleeping          ||     1
  Eat: Chunk             ||     1

Vault maps used:
D:1:      dpeg_arrival_subterranean_lakeside_camping,
          kennysheep_decorative_pillar, lemuel_flame_loot_1
D:2:      lemuel_round_altar, minivault_26, uniq_jessica,
          uniq_crazy_yiuf_cottage
